 Dungeon Crawl Stone Soup version 0.21.0-37-g46506fa (webtiles) character file.

53 tidbits the Digger (level 3, 3/26 HPs)
             Began as a Gnoll Earth Elementalist on Jan 31, 2018.
             Quit the game on level 4 of the Dungeon.
             The game lasted 00:04:25 (344 turns).

tidbits the Digger (Gnoll Earth Elementalist)        Turns: 344, Time: 00:04:26

Health: 3/26       AC:  2    Str: 10    XL:     3   Next: 89%
Magic:  0/9        EV: 15    Int: 18    God:
Gold:   44         SH:  0    Dex: 15    Spells: 9/12 levels left

rFire    . . .     SeeInvis .   j - +0 hand axe
rCold    . . .     Gourm    .   (no shield)
rNeg     . . .     Faith    .   c - +0 robe
rPois    .         Spirit   .   (no helmet)
rElec    .         Reflect  .   (no cloak)
rCorr    .         Harm     .   (no gloves)
MR       .....                  (no boots)
Stlth    +++.......             (no amulet)
HPRegen  0.08/turn              (no ring)
MPRegen  0.11/turn              (no ring)

@: no status effects
A: distributed training, fangs 1, strong nose
a: no special abilities


You were on level 4 of the Dungeon.
You were not hungry.

You visited 1 branch of the dungeon, and saw 4 of its levels.

You collected 44 gold pieces.

Inventory:

Hand Weapons
 j - a +0 hand axe (weapon)
Missiles
 b - 58 stones (quivered)
Armour
 c - a +0 robe (worn)
Scrolls
 k - a scroll of teleportation
Potions
 f - a potion of ambrosia
 g - a potion of curing
 h - a potion of degeneration
 i - a potion of cancellation {unknown}
Books
 e - a book of Geomancy

   Spells                             Type                      Level
   a - Sandblast                      Earth                        1
   b - Passwall                       Transmutation/Earth          2
   c - Stone Arrow                    Conjuration/Earth            3
   d - Petrify                        Transmutation/Earth          4
   e - Lee's Rapid Deconstruction     Earth                        5
Comestibles
 d - a ration


   Skills:
 + Level 1.0 Fighting
 + Level 1.0 Short Blades
 + Level 1.0 Long Blades
 + Level 1.0 Axes
 + Level 1.0 Maces & Flails
 + Level 1.0 Polearms
 + Level 1.0 Staves
 + Level 1.0 Slings
 + Level 1.0 Bows
 + Level 1.0 Crossbows
 + Level 1.0 Throwing
 + Level 1.0 Armour
 + Level 4.6 Dodging
 + Level 4.2 Stealth
 + Level 1.0 Shields
 + Level 1.0 Unarmed Combat
 + Level 5.0 Spellcasting
 + Level 0.7 Conjurations
 + Level 0.7 Hexes
 + Level 0.7 Charms
 + Level 0.7 Summonings
 + Level 0.7 Necromancy
 + Level 0.7 Translocations
 + Level 2.1 Transmutations
 + Level 0.7 Fire Magic
 + Level 0.7 Ice Magic
 + Level 0.7 Air Magic
 + Level 5.4 Earth Magic
 + Level 0.7 Poison Magic
 + Level 1.0 Invocations
 + Level 1.0 Evocations


You had 9 spell levels left.
You knew the following spells:

 Your Spells              Type           Power        Failure   Level  Hunger
a - Sandblast             Erth           ###...       1%          1    None
p - Passwall              Tmut/Erth      ###.......   4%          2    #......


Dungeon Overview and Level Annotations

Branches:
Dungeon (4/15)
 Temple: D:4-7

Altars:
Ashenzari


Innate Abilities, Weirdness & Mutations

Your experience applies equally to all skills.
You have very sharp teeth.
Your uncanny sense of smell can sniff out nearby items.


Message History

Press: ? - help, Shift-Dir - straight line, f/p - frilled lizard
Aim: a frilled lizard The blast of sand hits the frilled lizard.
You kill the frilled lizard!
b - 36 stones You see here 8 gold pieces.
You now have 44 gold pieces (gained 8).
Found 27 stones.
The helpless ball python fails to defend itself.
You hit the ball python.
The ball python is heavily wounded.
The ball python closely misses you. The ball python barely misses you.
The ball python closely misses you. x2
You closely miss the ball python.
The ball python is heavily wounded.
The ball python bites you but does no damage.
The ball python grabs you. The ball python constricts you.
Casting: Sandblast
Confirm with . or Enter, or press ? or * to list all spells.
Aiming: Sandblast
Press: ? - help, Shift-Dir - straight line, f - ball python
Aim: a ball python (heavily wounded, constricting you)
The blast of sand hits the ball python.
You kill the ball python!
b - 35 stones You see here 27 stones.
b - 62 stones (gained 27)
A howler monkey skeleton comes into view.
Unknown command.
The helpless howler monkey skeleton fails to defend itself.
You hit the howler monkey skeleton.
The howler monkey skeleton is moderately damaged.
The howler monkey skeleton hits you.
* * * LOW HITPOINT WARNING * * *
Casting: Sandblast
Confirm with . or Enter, or press ? or * to list all spells.
Aiming: Sandblast
Press: ? - help, Shift-Dir - straight line, f - howler monkey skeleton
Aim: a howler monkey skeleton (moderately damaged)
The blast of sand hits the howler monkey skeleton.
The howler monkey skeleton is almost destroyed.
b - 61 stones The howler monkey skeleton barely misses you.
Casting: Sandblast
Confirm with . or Enter, or press ? or * to list all spells.
Aiming: Sandblast
Press: ? - help, Shift-Dir - straight line, f/p - howler monkey skeleton
Aim: a howler monkey skeleton (almost destroyed)
The blast of sand hits the howler monkey skeleton.
You destroy the howler monkey skeleton!
Your Fighting skill increases to level 1!
Your Short Blades skill increases to level 1!
Your Long Blades skill increases to level 1!
Your Axes skill increases to level 1!
Your Maces & Flails skill increases to level 1!
Your Polearms skill increases to level 1!
Your Staves skill increases to level 1!
Your Slings skill increases to level 1!
Your Bows skill increases to level 1!
Your Crossbows skill increases to level 1!
Your Throwing skill increases to level 1!
Your Armour skill increases to level 1!
Your Shields skill increases to level 1!
Your Unarmed Combat skill increases to level 1!
Your Evocations skill increases to level 1!
b - 60 stones A worker ant comes into view.
Unknown command. 3 orcs come into view.
The orc shouts! x2; You hear a shout!
Found 5 gold pieces.
Unknown command.
Okay, then.
Okay, then.
Unknown command.
Unknown command.
An orc comes into view. It is wielding a club.
Casting: Sandblast
Confirm with . or Enter, or press ? or * to list all spells.
Aiming: Sandblast
Press: ? - help, Shift-Dir - straight line, f - orc
Aim: an orc, wielding a hand axe and wearing a ring mail The blast of sand hits the orc.
The orc is severely wounded.
b - 59 stones The orc shouts!
The orc hits you with a hand axe.
* * * LOW HITPOINT WARNING * * *
Casting: Sandblast
Confirm with . or Enter, or press ? or * to list all spells.
Aiming: Sandblast
Press: ? - help, Shift-Dir - straight line, f/p - orc
Aim: an orc, wielding a hand axe and wearing a ring mail (severely wounded)
The blast of sand misses the orc.
b - 58 stones The worker ant twitches its antennae in your direction.
The orc barely misses you.
Casting: Sandblast
Confirm with . or Enter, or press ? or * to list all spells.
You don't have enough magic to cast that spell.
Are you sure you want to abandon this character and quit the game? (Confirm with "yes".)

# #. ########### #.####
..........## ....## .#
#.......
#####...###.####.#..#.#
##..................###.
...........#.####.#..#.#
#.####@##.#.# ##....†#
#o##.#.###......#
#o##.#.##..#....# ∆
#o##.#.##....##.#
#o##........# #.##
#.####.##...# #... #a#
#.##.#####..# #.#
#...........#
####.######.#


You could see a worker ant and 4 orcs.

Vanquished Creatures
  An iguana (D:4)
  An adder (D:4)
  A howler monkey skeleton (D:4)
  A ball python (D:4)
  2 hobgoblins
  2 bats
  2 frilled lizards
  A goblin (D:1)
  A rat (D:2)
12 creatures vanquished.

Notes
Turn   | Place    | Note
-------+----------+-------------------------------------------
     0 | D:1      | tidbits the Gnoll Earth Elementalist began the quest for the Orb.
     0 | D:1      | Reached XP level 1. HP: 13/13 MP: 6/6
   124 | D:3      | Found a shattered altar of Ashenzari.
   131 | D:2      | Reached skill level 2 in Transmutations
   138 | D:2      | Reached XP level 2. HP: 19/19 MP: 2/7
   142 | D:2      | Learned a level 2 spell: Passwall
   278 | D:4      | Reached skill level 5 in Spellcasting
   278 | D:4      | Reached skill level 1 in Invocations
   278 | D:4      | Reached XP level 3. HP: 9/25 MP: 0/9
   326 | D:4      | Reached skill level 1 in Fighting
   326 | D:4      | Reached skill level 1 in Short Blades
   326 | D:4      | Reached skill level 1 in Long Blades
   326 | D:4      | Reached skill level 1 in Axes
   326 | D:4      | Reached skill level 1 in Maces & Flails
   326 | D:4      | Reached skill level 1 in Polearms
   326 | D:4      | Reached skill level 1 in Staves
   326 | D:4      | Reached skill level 1 in Slings
   326 | D:4      | Reached skill level 1 in Bows
   326 | D:4      | Reached skill level 1 in Crossbows
   326 | D:4      | Reached skill level 1 in Throwing
   326 | D:4      | Reached skill level 1 in Armour
   326 | D:4      | Reached skill level 1 in Shields
   326 | D:4      | Reached skill level 1 in Unarmed Combat
   326 | D:4      | Reached skill level 1 in Evocations
   344 | D:4      | Quit the game

Skill      XL: |  1  2  3 |
---------------+----------+-----
Transmutations | 2 |  2.1
Spellcasting   | 5 |  5.0
Invocations    | 1 |  1.0
Fighting       | 1 |  1.0
Short Blades   | 1 |  1.0
Long Blades    | 1 |  1.0
Axes           | 1 |  1.0
Maces & Flails | 1 |  1.0
Polearms       | 1 |  1.0
Staves         | 1 |  1.0
Slings         | 1 |  1.0
Bows           | 1 |  1.0
Crossbows      | 1 |  1.0
Throwing       | 1 |  1.0
Armour         | 1 |  1.0
Shields        | 1 |  1.0
Unarmed Combat | 1 |  1.0
Evocations     | 1 |  1.0
Dodging        | |  4.6
Stealth        | |  4.2
Conjurations   | |  0.7
Hexes          | |  0.7
Charms         | |  0.7
Summonings     | |  0.7
Necromancy     | |  0.7
Translocations | |  0.7
Fire Magic     | |  0.7
Ice Magic      | |  0.7
Air Magic      | |  0.7
Earth Magic    | |  5.4
Poison Magic   | |  0.7

Action                   || total
-------------------------++-------
Melee: Hand axe          ||     4
 Cast: Sandblast         ||    26
       Passwall          ||     2
  Use: Scroll            ||     4
       Potion            ||     1
 Stab: Sleeping          ||     2
Armor: Robe              ||     2
Dodge: Dodged            ||    14

Table legend:
 A = Turns spent in this place as a percentage of turns spent in the entire game.
 B = Non-inter-level travel turns spent in this place as a percentage of non-inter-level travel turns spent in the entire game.
 C = Inter-level travel turns spent in this place as a percentage of turns spent in this place.
 D = Turns resting spent in this place as a percentage of non-inter-level travel turns spent in this place.
 E = Turns spent auto-exploring this place as a percentage of non-inter-level travel turns spent in this place.
 F = Non-inter-level travel turns spent in this place divided by the number of levels of this place that you've seen.
                   A       B       C       D       E      F
               +-------+-------+-------+-------+-------+----------------------
         Total | 100.0 | 100.0 |   0.0 |   0.0 |   0.0 |  86.0
       Dungeon | 100.0 | 100.0 |   0.0 |   0.0 |   0.0 |  86.0
               +-------+-------+-------+-------+-------+----------------------

Table legend:
 A = Kills in this place as a percentage of kills in entire the game.
 B = Kills by you in this place as a percentage of kills by you in the entire game.
 C = Kills by friends in this place as a percentage of kills by friends in the entire game.
 D = Other kills in this place as a percentage of other kills in the entire game.
 E = Experience gained in this place as a percentage of experience gained in the entire game.
 F = Experience gained in this place divided by the number of levels of this place that you have seen.
                   A       B       C       D       E      F
               +-------+-------+-------+-------+-------+----------------------
         Total | 100.0 | 100.0 |   N/A |   N/A | 100.0 |  19.2
       Dungeon | 100.0 | 100.0 |   N/A |   N/A | 100.0 |  19.2
               +-------+-------+-------+-------+-------+----------------------

Vault maps used:
D:1:      dpeg_arrival_connections
D:2:      lemuel_coloured_pillars_altar, first_ration, uniq_jessica,
          uniq_terence
D:3:      lightli_temple_of_fire, tso_altar, marbit_many_paths,
          cheibrodos_ashenzari_chains, uniq_purgy
D:4:      nicolae_overflow_crystal_walls, minmay_temple_entry_fiery
